 Dungeon Crawl Stone Soup version 0.20-a0-1122-gb7cbeb9 (webtiles) character file.

2380 Gorice the Cleaver (level 9, -2/74 HPs)
             Began as a Minotaur Enchanter on May 14, 2017.
             Was a Priest of Okawaru.
             Slain by an orc warrior
             ... wielding a cursed +0 hand axe
              (13 damage)
             ... on level 6 of the Dungeon.
             The game lasted 00:22:04 (6359 turns).

Gorice the Cleaver (Minotaur Enchanter)             Turns: 6359, Time: 00:22:05

Health: -2/74      AC:  9    Str: 17    XL:     9   Next: 22%
Magic:  0/10       EV:  8    Int: 13    God:    Okawaru [***...]
Gold:   238        SH:  0    Dex: 12    Spells: 9/10 levels left

rFire    . . .     SeeInvis .   F - +0 battleaxe (curse)
rCold    . . .     Gourm    .   (shield currently unavailable)
rNeg     . . .     Faith    .   y - +0 chain mail
rPois    +         Spirit   +   (helmet restricted)
rElec    .         Reflect  .   (no cloak)
rCorr    +         Harm     .   (no gloves)
MR       .....                  (no boots)
Stlth    ..........             E - amulet of guardian spirit
Regen    0.3/turn               p - ring of poison resistance
MPRegen  0.2/turn               o - ring of the Octopus King {rCorr AC+1 EV+1 Str+1 Int+1 Dex+1}

@: drained
A: retaliatory headbutt, horns 2
a: Heroism, Renounce Religion


You were on level 6 of the Dungeon.
You worshipped Okawaru.
Okawaru was most pleased with you.
You were not hungry.

You visited 2 branches of the dungeon, and saw 7 of its levels.

You collected 238 gold pieces.

Inventory:

Hand Weapons
 a - a +0 hand axe
 b - a +0 hunting sling
 d - a +1 dagger of venom
   (You took it off an orc wizard on level 5 of the Dungeon)
 g - a +1 dagger
 x - a +1 dagger of venom
   (You found it on level 2 of the Dungeon)
 F - a cursed +0 battleaxe (weapon)
 G - a cursed -2 dagger
 K - a +0 rapier of venom
   (You took it off Eustachio on level 5 of the Dungeon)
 M - a cursed +4 hand axe of freezing
   (You took it off a wight on level 6 of the Dungeon)
Missiles
 h - 36 bolts
 l - 21 tomahawks (quivered)
 r - 34 poisoned needles
 D - 3 javelins
 Z - 233 stones
Armour
 y - a +0 chain mail (worn)
Jewellery
 f - an uncursed ring of flight
 m - an uncursed ring of protection from magic
 o - a ring of the Octopus King (right hand) {rCorr AC+1 EV+1 Str+1 Int+1 Dex+1}
   (You found it on level 4 of the Dungeon)

   [ring of resist corrosion]

   It affects your AC (+1).
   It affects your evasion (+1).
   It affects your strength (+1).
   It affects your intelligence (+1).
   It affects your dexterity (+1).
 p - a ring of poison resistance (left hand)
 w - an uncursed ring of wizardry
 E - an amulet of guardian spirit (around neck)
Wands
 N - a wand of scattershot (4/9)
Scrolls
 v - 2 scrolls of remove curse
 B - 3 scrolls of enchant weapon
 J - a scroll of amnesia {unknown}
 O - a scroll of fog
Potions
 e - a potion of flight {unknown}
 i - a potion of lignification {unknown}
 j - 3 potions of degeneration {unknown}
 k - 2 potions of haste {unknown}
 n - a potion of mutation {unknown}
 q - a potion of berserk rage {unknown}
 t - a potion of agility {!q}
 u - a potion of experience {unknown}
 z - a potion of ambrosia {unknown}
 A - 2 potions of invisibility {unknown}
 C - a potion of resistance {unknown}
 H - a potion of might {!q}
Books
 c - a book of Maledictions
Comestibles
 s - 4 meat rations {!e}
 I - 5 bread rations {!e}
 L - 4 chunks of flesh


   Skills:
 - Level 5.1(5.0) Fighting
 - Level 5.1(5.0) Short Blades
 + Level 12.2(12.1) Axes
 - Level 2.1 Dodging
 - Level 2.4(2.3) Stealth
 - Level 1.3 Spellcasting
 - Level 2.0(1.9) Hexes


You had 9 spell levels left.
You knew the following spells:

 Your Spells              Type           Power        Failure   Level  Hunger
a - Corona                Hex            #......      93%         1    ##.....


Dungeon Overview and Level Annotations

Branches:
Dungeon (6/15)             Temple (1/1) D:6

Altars:
Cheibriados
Dithmenos
Elyvilon
Fedhas
Gozag
Kikubaaqudgha
Makhleb
Nemelex Xobeh
Okawaru
Qazlal
Sif Muna
Uskayaw
Vehumet
Wu Jian
Xom


Innate Abilities, Weirdness & Mutations

You reflexively headbutt those who attack you in melee.
You have a pair of horns on your head.


Message History

The orc warrior hits you with a hand axe.
Some of the chunks of flesh in your inventory have rotted away.
Damage: 2 (max 14)
You closely miss the orc warrior. You slash the orc priest!
The orc warrior closely misses you. The orc priest barely misses you.
You slice the orc priest!!
You kill the orc priest!
Okawaru accepts your kill.
You slash the orc warrior!
The orc warrior hits you but does no damage.
You closely miss the orc warrior.
The orc warrior is heavily wounded.
The orc warrior barely misses you. You furiously retaliate!
You headbutt the orc warrior. You barely miss the orc warrior.
You headbutt the orc warrior.
The orc warrior is severely wounded.
The orc warrior hits you with a hand axe!!
* * * LOW HITPOINT WARNING * * *
Damage: 17 (max 17)
You are too injured to fight recklessly!
You are too injured to fight recklessly!
You are too injured to fight recklessly!
You are too injured to fight recklessly!
You closely miss the orc warrior.
The orc warrior is severely wounded.
The orc warrior hits you with a hand axe!
* * * LOW HITPOINT WARNING * * *
Damage: 10 (max 17)
You barely miss the orc warrior.
The orc warrior is severely wounded.
The orc warrior hits you but does no damage.
You hit the orc warrior but do no damage.
Your headbutt misses the orc warrior.
The orc warrior is severely wounded.
The orc warrior barely misses you. You furiously retaliate!
You headbutt the orc warrior.
Your chain mail prevents you from hitting the orc warrior.
The orc warrior is severely wounded.
The orc warrior hits you with a hand axe!
* * * LOW HITPOINT WARNING * * *
Damage: 11 (max 17)
You closely miss the orc warrior.
The orc warrior is severely wounded.
The orc warrior hits you with a hand axe.
* * * LOW HITPOINT WARNING * * *
Damage: 1 (max 17)
You hit the orc warrior but do no damage.
The orc warrior is severely wounded.
The orc warrior hits you with a hand axe!
You die...

#.# #.# . #.# ..
#.# ... #.## ...
#.. ... #.# ...
##[####... ...
#.@o.......... ...
#.%###......... ...
#..# ......... ...
#..# ......... ...
#..# ......... ...
#..####............
#..................
#..................
#######............


You could see an orc warrior.

Vanquished Creatures
  Grinder (D:3)
  Sigmund (D:3)
  Eustachio (D:5)
  Edmund (D:4)
  Duvessa (D:4)
  A sky beast (D:6)
  2 ogres
  2 bullfrogs (D:6)
  4 scorpions
  Dowan (D:4)
  4 wights
  2 howler monkeys
  A crimson imp (D:6)
  2 hounds (D:5)
  A jelly (D:5)
  2 orc wizards (D:5)
  3 orc priests
  2 bullfrog skeletons
  2 iguanas
  4 worker ants
  A killer bee zombie (D:5)
  Robin (D:4)
  6 gnolls
  8 adders
  2 shadow imps
  An ooze (D:5)
  2 adder skeletons
  3 worms
  A dart slug (D:3)
  3 leopard geckos
  15 orcs
  7 giant cockroaches
  13 goblins
  5 hobgoblins
  20 jackals
  4 quokkas
  2 ball pythons
  4 bats
  5 frilled lizards
  7 kobolds
  5 rats
153 creatures vanquished.

Notes
Turn   | Place    | Note
-------+----------+-------------------------------------------
     0 | D:1      | Gorice the Minotaur Enchanter began the quest for the Orb.
     0 | D:1      | Reached XP level 1. HP: 14/14 MP: 1/1
   127 | D:1      | Reached skill level 1 in Fighting
   127 | D:1      | Reached XP level 2. HP: 15/23 MP: 3/3
   263 | D:1      | Reached skill level 2 in Short Blades
   733 | D:1      | Reached skill level 2 in Fighting
   969 | D:2      | Reached XP level 3. HP: 28/29 MP: 4/4
  1448 | D:2      | Reached skill level 3 in Short Blades
  1538 | D:2      | Found a deep blue altar of Sif Muna.
  1794 | D:3      | Reached XP level 4. HP: 28/37 MP: 5/5
  1942 | D:3      | Reached skill level 3 in Fighting
  2006 | D:3      | Noticed Grinder
  2022 | D:3      | Killed Grinder
  2022 | D:3      | Reached skill level 4 in Fighting
  2022 | D:3      | Reached skill level 4 in Short Blades
  2022 | D:3      | Reached XP level 5. HP: 27/47 MP: 2/6
  2022 | D:3      | Reached XP level 6. HP: 32/55 MP: 2/7
  2110 | D:3      | Reached skill level 5 in Fighting
  2206 | D:3      | Reached skill level 5 in Short Blades
  2256 | D:3      | Found an iron altar of Okawaru.
  2264 | D:3      | Became a worshipper of Warmaster Okawaru
  2351 | D:3      | Noticed Sigmund
  2459 | D:3      | HP: 16/56 [something (5)]
  2478 | D:3      | HP: 8/56 [something (9)]
  2493 | D:3      | HP: 16/56 [something/magic dart (2)]
  2502 | D:4      | Noticed Robin
  2502 | D:4      | Noticed Dowan
  2504 | D:4      | Noticed Duvessa
  2506 | D:4      | HP: 13/56 [goblin/club[Robin] (3)]
  2518 | D:4      | HP: 10/56 [goblin[Robin] (4)]
  2523 | D:4      | HP: 9/56 [goblin[Robin] (2)]
  2533 | D:5      | Entered Level 5 of the Dungeon
  2765 | D:5      | Reached skill level 1 in Axes
  2776 | D:5      | Reached skill level 2 in Axes
  3077 | D:4      | Reached skill level 3 in Axes
  3306 | D:4      | Killed Robin
  3367 | D:4      | Killed Dowan
  3367 | D:4      | Reached skill level 4 in Axes
  3367 | D:4      | Reached XP level 7. HP: 40/61 MP: 5/8
  3371 | D:4      | HP: 10/61 [Duvessa/short sword of venom (10)]
  3378 | D:4      | Killed Duvessa
  3378 | D:4      | Reached skill level 5 in Axes
  3380 | D:4      | Reached * piety under Okawaru
  3597 | D:3      | Killed Sigmund
  3597 | D:3      | Reached skill level 6 in Axes
  3633 | D:3      | Reached skill level 7 in Axes
  3825 | D:4      | Got a ring of the Octopus King
  3827 | D:4      | Identified a ring of the Octopus King {rCorr AC+1 EV+1 Str+1 Int+1 Dex+1} (You found it on level 4 of the Dungeon)
  4008 | D:4      | Reached XP level 8. HP: 53/68 MP: 6/9
  4141 | D:4      | Reached ** piety under Okawaru
  4141 | D:4      | Reached skill level 8 in Axes
  4243 | D:4      | Noticed Edmund
  4249 | D:4      | Killed Edmund
  4249 | D:4      | Reached skill level 9 in Axes
  4401 | D:5      | Found a white marble altar of Elyvilon.
  4490 | D:5      | Noticed Eustachio
  4527 | D:5      | Killed Eustachio
  4527 | D:5      | Reached skill level 10 in Axes
  4990 | D:5      | Found an opulent altar of Gozag.
  5364 | D:5      | Reached *** piety under Okawaru
  5364 | D:5      | Reached skill level 11 in Axes
  5440 | D:6      | Reached XP level 9. HP: 62/74 MP: 8/10
  5465 | D:6      | Found a shadowy altar of Dithmenos.
  5832 | D:6      | Reached skill level 12 in Axes
  5839 | D:6      | Found a staircase to the Ecumenical Temple.
  5845 | Temple   | Entered the Ecumenical Temple
  6357 | D:6      | HP: 12/74 [orc warrior/hand axe (11)]
  6359 | D:6      | Slain by an orc warrior

Vault maps used:
D:1:      minmay_arrival_arboretum_small
D:2:      nicolae_overflow_hidden_temple, kennysheep_minor_cross
D:3:      cheibrodos_old_hovel, okawaru_altar_gauntlet_db, serial_curves,
          eino_curves_01, eino_curves_01, uniq_sigmund, uniq_grinder
D:4:      first_bread, uniq_edmund, uniq_robin, uniq_duvessa
D:5:      lemuel_round_altar, elyvilon_altar_1, uniq_eustachio
D:6:      wad_crossroads, temple_green, nrook_mini_backslash,
          grunt_dithmenos_shadows
Temple:   minmay_temple_curvy_loop

Skill      XL: |  1  2  3  4  5  6  7  8  9 |
---------------+----------------------------+-----
Fighting       | 1 2 4 5 |  5.1
Short Blades   | 2 3 4 5 |  5.1
Axes           | 4 7 11 12 | 12.2
Dodging        | |  2.1
Stealth        | |  2.4
Spellcasting   | |  1.3
Hexes          | |  2.0

Action                   |  1- 3 |  4- 6 |  7- 9 || total
-------------------------+-------+-------+-------++-------
Melee: Short sword       |   114 |   156 |       ||   270
       Headbutt          |    14 |    31 |    54 ||    99
       Hand axe          |       |    41 |   208 ||   249
       Dagger            |       |    38 |       ||    38
       Battleaxe         |       |       |   102 ||   102
Throw: Tomahawk          |       |     3 |       ||     3
       Javelin           |       |       |     3 ||     3
Invok: Heroism           |       |       |     2 ||     2
  Use: Scroll            |     3 |     3 |     2 ||     8
       Potion            |       |     5 |     4 ||     9
 Stab: Sleeping          |     3 |       |       ||     3
  Eat: Chunk             |     3 |     5 |    10 ||    18
Armor: Robe              |    16 |       |       ||    16
       Chain mail        |     7 |   135 |   135 ||   277
Dodge: Dodged            |    74 |    90 |   121 ||   285

Table legend:
 A = Turns spent in this place as a percentage of turns spent in the entire game.
 B = Non-inter-level travel turns spent in this place as a percentage of non-inter-level travel turns spent in the entire game.
 C = Inter-level travel turns spent in this place as a percentage of turns spent in this place.
 D = Turns resting spent in this place as a percentage of non-inter-level travel turns spent in this place.
 E = Turns spent auto-exploring this place as a percentage of non-inter-level travel turns spent in this place.
 F = Non-inter-level travel turns spent in this place divided by the number of levels of this place that you've seen.
                   A       B       C       D       E      F
               +-------+-------+-------+-------+-------+----------------------
         Total | 100.0 | 100.0 |   0.4 |   2.7 |   5.7 | 328.4
       Dungeon |  99.3 |  99.3 |   0.4 |   2.7 |   5.0 | 380.5
        Temple |   0.7 |   0.7 |   5.9 |   0.0 |  93.8 |  16.0
               +-------+-------+-------+-------+-------+----------------------

Vault maps used:
D:1:      minmay_arrival_arboretum_small
D:2:      nicolae_overflow_hidden_temple, kennysheep_minor_cross
D:3:      cheibrodos_old_hovel, okawaru_altar_gauntlet_db, serial_curves,
          eino_curves_01, eino_curves_01, uniq_sigmund, uniq_grinder
D:4:      first_bread, uniq_edmund, uniq_robin, uniq_duvessa
D:5:      lemuel_round_altar, elyvilon_altar_1, uniq_eustachio
D:6:      wad_crossroads, temple_green, nrook_mini_backslash,
          grunt_dithmenos_shadows
Temple:   minmay_temple_curvy_loop
